 Dungeon Crawl Stone Soup version 0.26-a0-1184-g95e395e029 (webtiles) character file.

Game seed: 10566727238464081170

197 Azzok the Skirmisher (level 5, 0/63 HPs)
             Began as a Demonspawn Berserker on Dec 27, 2020.
             Was a Believer of Trog.
             Slain by a bat (1 damage)
             ... on level 3 of the Dungeon.
             The game lasted 00:03:00 (2459 turns).

Azzok the Skirmisher (Demonspawn Berserker)         Turns: 2459, Time: 00:03:01

Health: 0/63       AC: 11    Str: 18    XL:     5   Next: 46%
Magic:  5/5        EV:  6    Int:  8    God:    Trog [**....]
Gold:   83         SH:  0    Dex: 13    Spells: 4/4 levels left

rFire    . . .     SeeInvis .   a - +0 hand axe
rCold    . . .     Faith    .   (no shield)
rNeg     . . .     Spirit   .   b - +0 plate armour
rPois    .         Reflect  .   (helmet restricted)
rElec    .         Harm     .   (no cloak)
rCorr    .         Rampage  .   (no gloves)
Will     ++...                  (no boots)
Stlth    ..........             m - amulet of regeneration
HPRegen  1.60/turn              (no ring)
MPRegen  0.09/turn              (no ring)

@: berserking, lethally poisoned (0 -> -18), regenerating, very quick
A: horns 2, powered by death 1
a: Renounce Religion, Berserk, Trog's Hand


You were on level 3 of the Dungeon.
You worshipped Trog.
Trog was pleased with you.
You visited 1 branch of the dungeon, and saw 3 of its levels.

You collected 83 gold pieces.

Inventory:

Hand Weapons
 a - a +0 hand axe (weapon)
Armour
 b - a +0 plate armour (worn)
Jewellery
 k - an uncursed ring of fire
 m - an amulet of regeneration (around neck)
Scrolls
 c - a scroll of fog {unknown}
 d - a scroll of magic mapping {unknown}
 e - 4 scrolls of identify {unknown}
 j - a scroll of immolation {unknown}
 l - a scroll of remove curse {unknown}
Potions
 f - 2 potions of heal wounds {unknown}
 g - a potion of attraction {unknown}
 h - 2 potions of berserk rage {unknown}
 i - 2 potions of brilliance {unknown}


   Skills:
 + Level 4.0 Fighting
 + Level 3.6 Axes
 + Level 3.0 Armour
 + Level 3.0 Dodging


You had 4 spell levels left.
You didn't know any spells.
Your spell library was empty.

Dungeon Overview and Level Annotations

Branches:
Dungeon (3/15)

Altars:
Elyvilon
Uskayaw
Wu Jian


Innate Abilities, Weirdness & Mutations

You have a pair of horns on your head.
You regenerate a little health from kills.


Message History

You feel very sick. The bat hits you but does no damage.
A red film seems to cover your vision as you go berserk!
You feel yourself moving faster!
You feel mighty!
* * * LOW HITPOINT WARNING * * *
You feel very sick. The bat hits you but does no damage.
Something hits you but does no damage.
You are more poisoned.
You closely miss something.
* * * LOW HITPOINT WARNING * * *
You feel very sick. The bat hits you but does no damage.
You miss something.
* * * LOW HITPOINT WARNING * * *
You feel very sick. Something hits you.
* * * LOW HITPOINT WARNING * * *
You are more poisoned.
The bat hits you.
You die...

▒▒▒▒▒▒▒▒ ▒▒ ▒······▒
▒▒▒▒·
▒▒▒▒····†)▒▒▒▒▒▒▒▒▒▒···)
···'··b@))······)·('····
·▒▒▒······▒▒▒▒▒▒▒▒▒▒···†
···'······╬ ···········
···▒······▒ ▒▒▒▒▒▒▒▒▒▒·
·· ▒▒▒▒▒▒▒▒ ▒· · ▒▒ ▒ ▒
▒


You could see a bat.

Vanquished Creatures
  An orc wizard (D:3)
  Natasha (D:3)
  Terence (D:2)
  Robin (D:2)
  An adder (D:2)
  An ooze (D:3)
  3 worms (D:2)
  A dart slug (D:1)
  3 leopard geckos
  8 orcs (D:3)
  19 goblins
  6 hobgoblins
  6 jackals (D:1)
  6 kobolds
  A quokka (D:3)
  3 bats
  A frilled lizard (D:2)
  7 rats
70 creatures vanquished.

Vanquished Creatures (others)
  A plant (D:1)
1 creature vanquished.

Grand Total: 71 creatures vanquished

Notes
Turn   | Place    | Note
-------+----------+-------------------------------------------
     0 | D:1      | Azzok the Demonspawn Berserker began the quest for the Orb.
     0 | D:1      | Reached XP level 1. HP: 18/18 MP: 1/1
   442 | D:1      | Gained mutation: You have a pair of small horns on your
                  | head. [demonic ancestry]
   442 | D:1      | Reached XP level 2. HP: 18/24 MP: 2/2
   922 | D:1      | Reached XP level 3. HP: 18/29 MP: 3/3
  1333 | D:2      | Found a white marble altar of Elyvilon.
  1411 | D:2      | Noticed Robin
  1429 | D:2      | Reached ** piety under Trog
  1430 | D:2      | Killed Robin
  1510 | D:2      | Gained mutation: You regenerate a little health from kills.
                  | [demonic ancestry]
  1510 | D:2      | Reached XP level 4. HP: 28/35 MP: 4/4
  1921 | D:2      | Found an ornate altar of the Wu Jian Council.
  1981 | D:2      | Noticed Terence
  1991 | D:2      | Killed Terence
  2057 | D:2      | Found a hide-covered altar of Uskayaw.
  2348 | D:3      | Noticed Natasha
  2361 | D:3      | Killed Natasha
  2362 | D:3      | Gained mutation: You have a pair of horns on your head.
                  | [demonic ancestry]
  2362 | D:3      | Reached XP level 5. HP: 42/42 MP: 5/5
  2451 | D:3      | Reached skill level 4 in Fighting
  2459 | D:3      | HP: 1/63 [something (3)]
  2459 | D:3      | Slain by a bat

Illustrated notes

Levels and vault maps discovered:
D:1:      kilobyte_arrival_exit_the_forest, layout_rooms, minmay_misc_feat_five
D:2:      layout_rooms, lemuel_crystal_altar, eat_drink_and_be_merry_uskayaw,
          lemuel_doored_altar, uniq_terence, uniq_robin
D:3:      layout_basic, grunt_dithmenos_smoke_and_mirrors,
          hangedman_decor_growths, minmay_misc_feat_cross, uniq_natasha

Skill      XL: |  1  2  3  4  5 |
---------------+----------------+-----
Armour         | 2 3 |  3.0
Dodging        | 2 3 |  3.0
Axes           | 3 |  3.6
Fighting       | 4 |  4.0

Action                   |  1- 3 |  4- 6 || total
-------------------------+-------+-------++-------
Melee: Hand axe          |   105 |    94 ||   199
       Headbutt          |    13 |    11 ||    24
Invok: Berserk           |     3 |     1 ||     4
       Trog's Hand       |       |     1 ||     1
Armor: Animal skin       |     2 |       ||     2
       Plate armour      |    72 |    82 ||   154
Dodge: Dodged            |    49 |    38 ||    87

Table legend: (Time is in decaauts)
 A = Elapsed time spent in this place.
 B = Non-inter-level travel time spent in this place.
 C = Inter-level travel time spent in this place.
 D = Time resting spent in this place.
 E = Time spent auto-exploring this place.
 F = Levels seen in this place.
 G = Mean time per level.
                   A        B        C        D        E       F      G
               +--------+--------+--------+--------+--------+-----+--------+
         Total |   2525 |   2460 |     65 |    446 |   1532 |   3 |  841.7 |
       Dungeon |   2525 |   2460 |     65 |    446 |   1532 |   3 |  841.7 |
               +--------+--------+--------+--------+--------+-----+--------+

Top non-repeatable levels by time:
     D:1: 1354 daAuts
     D:2: 1015 daAuts
     D:3: 155 daAuts
